 Dungeon Sprint DCSS version 0.17-a0-1324-ga541562 (webtiles) character file.

476 Kidiri the Covert (level 6, -11/32 HPs)
             Began as a Spriggan Enchanter on June 9, 2015.
             Was an Initiate of Dithmenos.
             Killed by a malign offering
             ... invoked by a deep elf priest
              (20 damage)
             ... in the Dungeon (Sprint III: "The Ten Rune Challenge").
             The game lasted 00:04:05 (386 turns).

Kidiri the Covert (Spriggan Enchanter)               Turns: 386, Time: 00:04:05

Health: -11/32     AC: 12    Str:  3    XL:     6   Next: 84%
Magic:  12/17      EV: 24    Int: 17    God:    Dithmenos [......]
Gold:   17         SH:  0    Dex: 16    Spells: 9 memorised, 0 levels left

rFire  . . .     SeeInvis +     a - +1 dagger
rCold  . . .     Clarity  .     b - +1 robe
rNeg   . . .     SustAt   .     (shield restricted)
rPois  .         Gourm    .     (helmet restricted)
rElec  .         Spirit   .     (no cloak)
rCorr  .         Warding  .     (gloves unavailable)
rMut   .         NoTele   +     (boots unavailable)
MR     +....                    (no amulet)
Stlth  +++++.....               (no ring)
                                (no ring)

@: very quick, somewhat resistant to hostile enchantments, quite stealthy
A: unfitting armour, iridescent scales 1, rough black scales 1, rugged brown
scales 1, see invisible, herbivore 3, speed 3, slow metabolism 2, weak 1
a: Renounce Religion


You were in the Dungeon.
You worshipped Dithmenos.
Dithmenos was noncommittal.
You were not hungry.

You visited 1 branch You collected 17 gold pieces.

Inventory:

Hand weapons
 a - a +1 dagger (weapon)
Armour
 b - a +1 robe (worn)
Scrolls
 j - a scroll of blinking
 l - 2 scrolls of torment {unknown}
 m - 2 scrolls of enchant weapon {unknown}
 n - 2 scrolls of remove curse
 r - a scroll of identify {unknown}
Potions
 e - a potion of curing
 f - a potion of heal wounds
 g - a potion of haste
 h - 2 potions of magic
 i - a potion of berserk rage
 p - 4 potions of cure mutation
 q - 2 potions of flight
 s - a potion of agility {unknown}
Books
 c - a book of Maledictions

   Spells                             Type                      Level
   a - Corona                         Hexes                        1
   b - Ensorcelled Hibernation        Hexes/Ice                    2
   c - Confuse                        Hexes                        3
   d - Tukima's Dance                 Hexes                        3
   e - Dazzling Spray                 Conjuration/Hexes            3
 k - a book of Spatial Translocations

   Spells                             Type                      Level
   a - Apportation                    Translocation                1
   b - Blink                          Translocation                2
   c - Shroud of Golubria             Charms/Translocation         2
   d - Portal Projectile              Translocation                3
   e - Teleport Other                 Translocation                3
   f - Passage of Golubria            Translocation                4
 t - a book of Power

   Spells                             Type                      Level
   a - Fulminant Prism                Conjuration/Hexes            4
   b - Iskenderun's Mystic Blast      Conjuration                  4
   c - Venom Bolt                     Conjuration/Poison           5
   d - Bolt of Magma                  Conjuration/Fire/Earth       5
   e - Iron Shot                      Conjuration/Earth            6
   f - Orb of Destruction             Conjuration                  7
   g - Spellforged Servitor           Conjuration/Summoning        7
Comestibles
 d - a bread ration
 o - 3 royal jellies


   Skills:
 + Level 3.2 Fighting
 * Level 6.6 Short Blades
 * Level 9.3 Dodging
 * Level 10.4 Stealth
 * Level 7.7 Spellcasting
 + Level 2.3 Conjurations
 + Level 6.4 Hexes
 + Level 0.0 Charms
 + Level 0.0 Translocations
 + Level 3.0 Ice Magic
 + Level 0.8 Invocations


You couldn't memorise any spells.
You knew the following spells:

 Your Spells              Type           Power        Failure   Level  Hunger
a - Corona                Hex            ####...      1%          1    None
b - Ensorcelled Hibernat  Hex/Ice        ###...       2%          2    None
c - Confuse               Hex            ####....     2%          3    #......
d - Tukima's Dance        Hex            ####....     2%          3    #......
e - Dazzling Spray        Conj/Hex       ###.....     8%          3    #......
f - Apportation           Tloc           #.........   14%         1    None
g - Blink                 Tloc           N/A          21%         2    None
h - Shroud of Golubria    Chrm/Tloc      #.........   21%         2    None
i - Teleport Other        Tloc           #.......     38%         3    #......


Dungeon Overview and Level Annotations

Branches:
Dungeon (1/1)

Altars:
Dithmenos
Elyvilon
Gozag
Kikubaaqudgha
Makhleb
Nemelex Xobeh
Qazlal
Ru
Sif Muna
Vehumet
Xom
Zin
The Shining One
Jiyva
Lugonu


Innate Abilities, Weirdness & Mutations

You are tiny and cannot use many weapons and most armour.
You have supernaturally acute eyesight.
You are a herbivore.
You cover ground extremely quickly.
You need consume almost no food.
You are partially covered in iridescent scales (AC +4).
You are partially covered in rough black scales (AC +4, Dex -1).
You are partially covered in rugged brown scales (AC +1, +3% HP).
You are weak. (Str -2)


Message History

You hit the deep elf priest.
The deep elf priest is moderately wounded.
The deep elf priest completely misses you.
There is an open door here.
You close the door.
There's nothing to close nearby.
A deep elf priest opens the door.
You see here a book of Maledictions.
c - a book of Maledictions The deep elf priest invokes the aid of its god against you.
You resist with significant effort.
The deep elf priest mumbles some strange prayers to its god against you.
Something smites you!
Ouch! That really hurt!
* * * LOW HITPOINT WARNING * * *
There is a fountain of clear blue water here.
The deep elf priest utters a dark prayer and points at you.
Your life force is offered up.
Ouch! That really hurt!
You die...

▓▓▓▓▓▓▓ ▓▓▓ ..#(..####
##.#####
..#......#####..#___#
.##.......#..#..#e..#
#.##.##..%#..#..###e#+###+##
#.##.###..##'#..#..........#
.####.##..###.%.@.⌠........#
###%.##..####...#...######+#
.....##..###....#.⌠.#__#...#
##..##)..##.....#...#__#...#
#%.##....#......#'###__#...#
..###..##.#.....#.))#__#...+
[.# #..#####....#___#_.+...#
▓▓▓ ▓▓▓▓ ▓▓▓▓▓▓▓▓▓▓▓▓▓▓▓▓▓


You could see a deep elf priest.

Vanquished Creatures
  A shadow (D)
  A spatial vortex (D)
  A water elemental (D)
  A scorpion (D)
  A jelly (D)
  Jessica (D)
  A wizard (D)
  A human (D)
  A kobold demonologist (D)
  3 rats (D)
12 creatures vanquished.

Vanquished Creatures (others)
  2 draconian scorchers (D)
  A yaktaur (D)
3 creatures vanquished.

Grand Total: 15 creatures vanquished

Notes
Turn   | Place    | Note
--------------------------------------------------------------
     0 | D        | Kidiri the Spriggan Enchanter began the quest for the Orb.
     0 | D        | Reached XP level 1. HP: 9/9 MP: 5/5
    35 | D        | Noticed Jessica
    41 | D        | Killed Jessica
    41 | D        | Reached skill level 1 in Fighting
    41 | D        | Reached skill level 6 in Stealth
    41 | D        | Reached XP level 2. HP: 12/14 MP: 6/8
    45 | D        | Learned a level 2 spell: Ensorcelled Hibernation
   108 | D        | Noticed a scorpion
   111 | D        | Killed a scorpion
   111 | D        | Reached skill level 5 in Dodging
   111 | D        | Reached skill level 7 in Stealth
   111 | D        | Reached skill level 5 in Spellcasting
   111 | D        | Reached skill level 1 in Ice Magic
   111 | D        | Reached XP level 3. HP: 16/18 MP: 8/10
   111 | D        | Reached XP level 4. HP: 20/23 MP: 9/12
   122 | D        | Learned a level 3 spell: Confuse
   126 | D        | Learned a level 3 spell: Tukima's Dance
   130 | D        | Learned a level 3 spell: Dazzling Spray
   141 | D        | Gained mutation: You are partially covered in iridescent scales (AC +4). [potion of mutation]
   141 | D        | Gained mutation: You are partially covered in rugged brown scales (AC +1, +3% HP). [potion of mutation]
   141 | D        | Gained mutation: You are weak. (Str -2) [potion of mutation]
   142 | D        | Gained mutation: Your spells are a little easier to cast, but a little less powerful. [potion of mutation]
   142 | D        | Lost mutation: Your spells are a little easier to cast, but a little less powerful. [potion of mutation]
   142 | D        | Gained mutation: You are partially covered in rough black scales (AC +4, Dex -1). [potion of mutation]
   161 | D        | Noticed a water elemental
   164 | D        | Killed a water elemental
   164 | D        | Reached skill level 8 in Stealth
   164 | D        | Reached skill level 5 in Hexes
   164 | D        | Reached XP level 5. HP: 26/26 MP: 14/14
   174 | D        | Noticed a jelly
   175 | D        | Noticed a shadow
   208 | D        | Killed a shadow
   208 | D        | Reached skill level 5 in Short Blades
   208 | D        | Reached skill level 9 in Stealth
   208 | D        | Reached skill level 1 in Conjurations
   208 | D        | Reached XP level 6. HP: 24/32 MP: 5/16
   252 | D        | Killed a white draconian scorcher
   276 | D        | Killed a yaktaur
   289 | D        | Killed a jelly
   296 | D        | Found a stormy altar of Qazlal.
   296 | D        | Found a sacrificial altar of Ru.
   296 | D        | Found a burning altar of Makhleb.
   296 | D        | Found a shimmering altar of Xom.
   297 | D        | Found a viscous altar of Jiyva.
   297 | D        | Found a shadowy altar of Dithmenos.
   297 | D        | Found a sparkling altar of Nemelex Xobeh.
   297 | D        | Found a corrupted altar of Lugonu.
   297 | D        | Found an opulent altar of Gozag.
   297 | D        | Noticed a spatial vortex
   300 | D        | Killed a spatial vortex
   300 | D        | Reached skill level 10 in Stealth
   302 | D        | Became a worshipper of Dithmenos the Shadowed
   328 | D        | Found a radiant altar of Vehumet.
   328 | D        | Found a deep blue altar of Sif Muna.
   328 | D        | Found an ancient bone altar of Kikubaaqudgha.
   328 | D        | Noticed a wizard
   330 | D        | Killed a wizard
   347 | D        | Learned a level 1 spell: Apportation
   350 | D        | Learned a level 2 spell: Blink
   353 | D        | Learned a level 2 spell: Shroud of Golubria
   356 | D        | Killed a white draconian scorcher
   357 | D        | Learned a level 3 spell: Teleport Other
   360 | D        | Found a glowing silver altar of Zin.
   360 | D        | Found a glowing golden altar of the Shining One.
   360 | D        | Found a white marble altar of Elyvilon.
   361 | D        | Noticed a deep elf priest
   386 | D        | Killed from afar by a deep elf priest

Vault maps used:
D:        dungeon_sprint_mu

Action                   |  1- 3 |  4- 6 || total
-------------------------+-------+-------++-------
Melee: Dagger            |     5 |    37 ||    42
 Cast: Corona            |       |     5 ||     5
       Confuse           |       |     4 ||     4
       Ensorcelled Hiber |       |     1 ||     1
  Use: Potion            |       |     2 ||     2
 Stab: Sleeping          |     5 |     6 ||    11
       Confused          |       |     1 ||     1
